 Dungeon Sprint DCSS version 0.30-a0-304-gdc4b735fe1 (webtiles) character file.

Game seed: 4109626209965464423

302 mhtbhm the Protected (level 6, -1/62 HPs)
             Began as an Armataur Fighter on Oct 21, 2022.
             Slain by a yak (9 damage)
             ... in the Dungeon (Sprint I: "Red Sonja").
             The game lasted 00:00:32 (115 turns).

mhtbhm the Protected (Armataur Fighter)              Turns: 115, Time: 00:00:33

Health: -1/62      AC:  8    Str: 23    XL:     6   Next: 14%
Magic:  6/6        EV:  7    Int:  8    God:
Gold:   162        SH:  5    Dex: 10    Spells: 5/5 levels left

rFire   . . .      SeeInvis .    a - +0 long sword
rCold   . . .      Faith    .    c - +0 buckler
rNeg    . . .      Spirit   .    b - +0 scale mail
rPois   .          Reflect  .    (no helmet)
rElec   .          Harm     .    (no cloak)
rCorr   .          Roll     +    (no gloves)
Will    .....      NoTele   +    (no barding)
Stlth   ..........               (no amulet)
HPRegen 0.30/turn                (no ring)
MPRegen 0.10/turn                (no ring)

@: no status effects
A: large, rugged brown scales 3, deformed body, armoured tail, roll, long
tongue, awkward tongue
a: no special abilities


You were in the Dungeon.
You visited 1 branch You collected 162 gold pieces.

Inventory:

Hand Weapons
 a - a +0 long sword (weapon)
Armour
 b - a +0 scale mail (worn)
 c - a +0 buckler (worn)
Wands
 i - a wand of mindburst (8)
Scrolls
 j - a scroll of blinking
 l - a scroll of immolation {unknown}
Potions
 d - a potion of might
 e - a potion of curing
 f - a potion of heal wounds
 g - a potion of haste
 h - 2 potions of magic
 k - a potion of lignification {unknown}


   Skills:
 + Level 6.9 Fighting
 + Level 3.5 Long Blades
 + Level 9.3 Armour
 + Level 8.5 Shields
 + Level 1.8 Evocations


You had 5 spell levels left.
You didn't know any spells.
Your spell library was empty.

Dungeon Overview and Level Annotations

Branches:
Dungeon (1/1)

Altars:
Cheibriados
Dithmenos
Elyvilon
Fedhas
Hepliaklqana
Kikubaaqudgha
Okawaru
Qazlal
Ru
Sif Muna
Trog
Uskayaw
Vehumet
Wu Jian
Yredelemnul
Zin
The Shining One

Shops:
D [


Innate Abilities, Weirdness & Mutations

You are completely covered in rugged brown scales. (AC +3, +7% HP)
Armour fits poorly on your strangely shaped body.
You have a long armoured tail.
You roll when moving toward enemies. (Rampage)
Your long tongue fully drains potion bottles. (2x potion effects)
Your tongue gives you trouble enunciating. (1.5x scroll delay)


Message History

You open the door.
Found a hand axe.
There is an open door here.
You see here a +0 hand axe.
There is an open door here.
There is a shimmering blue altar of Sif Muna here.
You see here a +0 robe.
l - a scroll labelled PIVUAHID IBRIZU You see here a +0 robe.
There is a shimmering blue altar of Sif Muna here.
You open the door.
A yak comes into view.
Found Ceoxtoos's Antique Armour Emporium.
Found fourteen altars.
You barely miss the yak.
Your tail-slap misses the yak.
The yak completely misses you. The yak barely misses you.
You closely miss the yak.
Your tail-slap misses the yak.
The yak gores you!
You hit the yak but do no damage. You tail-slap the yak!
The yak is lightly wounded.
The yak gores you!
You hit the yak. You tail-slap the yak.
The yak is heavily wounded.
The yak gores you but does no damage.
You hit the yak but do no damage.
The yak is moderately wounded.
The yak gores you! x2
You closely miss the yak.
The yak is moderately wounded.
The yak gores you!
You hit the yak.
The yak is heavily wounded.
The yak gores you!
* * * LOW HITPOINT WARNING * * *
You barely miss the yak. You tail-slap the yak!
The yak is severely wounded.
The yak gores you but does no damage.
You closely miss the yak.
The yak is severely wounded.
The yak gores you but does no damage. The yak gores you!
You die...

################
#<.#..)..#..'..#
#..)..#..').#..+
#..#####'#####'#
#..# #..# #.#
#..#__#### ##[#
#..#_____##+#_.+
#⌠⌠#_.∩...Y@.._#
####_..__##_.#'#
___ ##+#)# # ###


You could see a yak.

Vanquished Creatures
  Sigmund (D)
  An ogre (D)
  A jelly (D)
  Ijyb (D)
4 creatures vanquished.

Notes
Turn   | Place    | Note
-------+----------+-------------------------------------------
     0 | D        | mhtbhm the Armataur Fighter began the quest for the Orb.
     0 | D        | Reached XP level 1. HP: 19/19 MP: 1/1
     2 | D        | Noticed Ijyb
     8 | D        | Killed Ijyb
     9 | D        | Reached skill level 5 in Armour
     9 | D        | Reached XP level 2. HP: 28/28 MP: 2/2
    48 | D        | Noticed an ogre
    52 | D        | Killed an ogre
    53 | D        | Reached skill level 5 in Fighting
    53 | D        | Reached skill level 7 in Armour
    53 | D        | Reached XP level 3. HP: 38/38 MP: 3/3
    53 | D        | Reached XP level 4. HP: 44/44 MP: 4/4
    66 | D        | Noticed Sigmund
    68 | D        | Killed Sigmund
    69 | D        | Reached skill level 9 in Armour
    69 | D        | Reached skill level 1 in Evocations
    69 | D        | Reached XP level 5. HP: 54/54 MP: 5/5
    69 | D        | Reached XP level 6. HP: 62/62 MP: 6/6
    83 | D        | Found an ornate altar of the Wu Jian Council.
    83 | D        | Found a shimmering blue altar of Sif Muna.
    85 | D        | Found a radiant altar of Vehumet.
   106 | D        | Found Ceoxtoos's Antique Armour Emporium.
   106 | D        | Found an ancient bone altar of Kikubaaqudgha.
   106 | D        | Found a hazy altar of Hepliaklqana.
   106 | D        | Found a stormy altar of Qazlal.
   106 | D        | Found a hide-covered altar of Uskayaw.
   106 | D        | Found a blossoming altar of Fedhas.
   106 | D        | Found a bloodstained altar of Trog.
   106 | D        | Found an iron altar of Okawaru.
   106 | D        | Found a basalt altar of Yredelemnul.
   106 | D        | Found a glowing golden altar of the Shining One.
   106 | D        | Found a snail-covered altar of Cheibriados.
   106 | D        | Found a sacrificial altar of Ru.
   106 | D        | Found a glowing silver altar of Zin.
   106 | D        | Found a shadowy altar of Dithmenos.
   106 | D        | Found a white marble altar of Elyvilon.
   106 | D        | Noticed a yak
   115 | D        | Slain by a yak

Illustrated notes

Levels and vault maps discovered:
D:        dungeon_sprint_1 [red_sonja_temple_1, red_sonja_temple_small_1]

Skill      XL: |  1  2  3  4 |
---------------+-------------+-----
Fighting       | 3 5 6 |  6.9
Long Blades    | 2 3 |  3.5
Armour         | 5 7 9 |  9.3
Shields        | 4 6 8 |  8.5
Evocations     | 1 |  1.8

Action                   |  1- 3 |  4- 6 || total
-------------------------+-------+-------++-------
Melee: Long sword        |     5 |    12 ||    17
       Tailslap          |     1 |     4 ||     5
Evoke: Wand              |     4 |     1 ||     5
  Use: Potion            |     1 |       ||     1
Armor: Scale mail        |       |     5 ||     5
Dodge: Dodged            |       |     2 ||     2
Block: Buckler           |     2 |     1 ||     3

Table legend: (Time is in decaauts)
 A = Elapsed time spent in this place.
 B = Non-inter-level travel time spent in this place.
 C = Inter-level travel time spent in this place.
 D = Time resting spent in this place.
 E = Time spent auto-exploring this place.
 F = Levels seen in this place.
 G = Mean time per level.
                   A        B        C        D        E       F      G
               +--------+--------+--------+--------+--------+-----+--------+
         Total |    124 |    124 |      0 |     38 |      0 |   1 |  124.0 |
       Dungeon |    124 |    124 |      0 |     38 |      0 |   1 |  124.0 |
               +--------+--------+--------+--------+--------+-----+--------+

Top non-repeatable levels by time:
       D: 124 daAuts
